Map: Orbital Shipyard

Players

llllllllllll - Winner!

  • Race: Terran Terran
  • League: Master

DonBlessing

  • Race: Terran Terran
  • League: Diamond

VOD

Have the link to the VOD?

Description

TvT Reaper Proxy

Time

  • Played on: Jan. 26, 2016, 9:56 p.m.
  • Length: 5:46
Show
View Real Time Build Order
Export as new Build Order

llllllllllll Terran - Winner!

Build Orders:  

Get SALT Encoding   

  12  0:00  SCV  
  13  0:12  SCV  
  14  0:18  Supply Depot  
  14  0:43  Barracks  
  14  0:46  Refinery  
  14  0:53  Barracks  
  14  1:09  Barracks  
  14  1:17  Refinery  
  14  1:33  Reaper  
  15  1:46  Reaper  
  16  1:51  SCV  
  17  1:58  Reaper  
  18  2:06  Reaper  
  18  2:18  Reaper, SCV  
  20  2:31  Reaper  
  21  2:54  Reaper  
  21  2:55  Reaper  
  21  2:57  Orbital Command  
  20  3:03  Reaper  
  20  3:27  Reaper x2  
  21  3:35  Reaper  
  21  3:59  Reaper x2  
  23  4:12  SCV  
  23  4:23  Reaper  
  22  4:31  Reaper x2  
  22  4:54  Supply Depot  
  22  4:55  Reaper  
  21  5:03  Reaper x2  
  23  5:15  SCV  
  23  5:27  SCV  
Show
View Real Time Build Order
Export as new Build Order

DonBlessing Terran 

Build Orders: Reaper Expand 

Get SALT Encoding   

  12  0:00  SCV  
  13  0:12  SCV  
  14  0:17  Supply Depot  
  14  0:24  SCV  
  15  0:38  SCV  
  15  0:40  Barracks  
  16  0:43  Refinery  
  16  0:51  SCV  
  17  1:03  SCV  
  18  1:15  SCV  
  19  1:27  Orbital Command  
  19  1:28  Reaper  
  20  1:45  Command Center  
  20  1:54  Supply Depot  
  20  2:00  Marine  
  21  2:08  Factory  
  21  2:16  SCV  
  21  2:18  Marine  
  23  2:26  Bunker  
  23  2:28  SCV  
  24  2:58  Hellion, SCV  
  24  2:59  Orbital Command  
  24  3:00  Marine  
  24  3:22  Hellion  
  24  3:25  SCV  
  26  3:35  Marine  
  26  3:37  SCV  
  27  3:43  Hellion  
  27  3:44  SCV  
  30  3:53  Marine  
  30  3:55  SCV  
  26  4:05  Hellion  
  26  4:06  Barracks  
  19  4:34  SCV x2  
  19  4:42  Hellion  
  21  4:49  SCV x2  
  20  4:58  Marine  
  21  5:01  SCV  
  21  5:02  SCV  
  21  5:16  Marine  
  21  5:17  Factory Tech Lab  
  21  5:20  SCV x2  
  22  5:24  Command Center  
Tags
 
Add a new tag
Caveats
  • Supply blocks, unpowered buildings, or Contaminate may cause inaccurate times.
  • Supply counts are checked every 10 seconds.